 Dungeon Crawl Stone Soup version 0.28-a0-479-g5baa6b73be (webtiles) character file.

Game seed: 3741522533028077721

1873 timneilson the Covered (level 9, -2/54 HPs)
             Began as a Gargoyle Fighter on Sept 17, 2021.
             Slain by a wyvern (5 damage)
             ... on level 6 of the Dungeon.
             The game lasted 00:09:50 (6652 turns).

timneilson the Covered (Gargoyle Fighter)           Turns: 6652, Time: 00:09:51

Health: -2/54      AC: 16    Str: 24    XL:     9   Next: 14%
Magic:  11/11      EV:  8    Int:  8    God:
Gold:   220        SH: 11    Dex:  9    Spells: 8/8 levels left

rFire   . . .      SeeInvis .   a - +1 long sword
rCold   . . .      Faith    .   c - +1 buckler
rNeg    + . .      Spirit   .   j - +0 chain mail
rPois   ∞          Reflect  +   (no helmet)
rElec   +          Harm     .   (no cloak)
rCorr   .          Rampage  .   (no gloves)
Will    .....                   (no boots)
Stlth   ..........              e - amulet of reflection
HPRegen 0.18/turn               (no ring)
MPRegen 0.12/turn               (no ring)

@: no status effects
A: sickness immunity, AC +6, negative energy resistance 1, electricity
resistance, torment resistance 1, petrification resistance
a: no special abilities


You were on level 6 of the Dungeon.
You visited 1 branch of the dungeon, and saw 7 of its levels.
You also visited: Bailey.

You collected 220 gold pieces.

Inventory:

Hand Weapons
 a - a +1 long sword (weapon)
 g - a +0 war axe of flaming
Armour
 c - a +1 buckler (worn)
 j - a +0 chain mail (worn)
Jewellery
 e - an amulet of reflection (around neck)
Wands
 f - a wand of flame (20)
Scrolls
 i - a scroll of enchant armour
Potions
 b - 2 potions of brilliance {unknown}
 d - a potion of curing
 h - a potion of heal wounds
 m - a potion of ambrosia {unknown}


   Skills:
 + Level 5.3 Fighting
 * Level 5.2 Long Blades
 * Level 6.8 Armour
 * Level 6.8 Shields
 + Level 3.9 Invocations
 + Level 3.2 Evocations


You had 8 spell levels left.
You didn't know any spells.
Your spell library contained the following spells:

 Spells                   Type           Power      Damage    Failure   Level
 Animate Skeleton         Necr           0%         N/A       95%         1
 Apportation              Tloc           0%         N/A       95%         1
 Summon Small Mammal      Summ           0%         N/A       95%         1
 Slow                     Hex            0%         N/A       99%         2
 Confusing Touch          Hex            0%         N/A       100%        3
 Vampiric Draining        Necr           0%         2d6       100%        3


Dungeon Overview and Level Annotations

Branches:
Dungeon (7/15)             Temple (0/1) D:7          Bailey (visited)

Altars:

Shops:
D:1 (   D:4 *


Innate Abilities, Weirdness & Mutations

You are immune to sickness and miasma.
Your stone body is resilient. (AC +6)
You are immune to poison.
You resist negative energy. (rN+)
You are resistant to electric shocks. (rElec)
You are resistant to unholy torment.
You are immune to petrification.


Message History

The iguana bites you but does no damage.
You hit the iguana.
You kill the iguana!
You start resting.
A wyvern is nearby!
Things that are here:
+0 acid dragon scales; an iguana corpse You block the wyvern's attack.
You closely miss the wyvern.
The wyvern bites you but does no damage.
You block the wyvern's attack.
You closely miss the wyvern. The wyvern barely misses you.
You block the wyvern's attack.
You hit the wyvern but do no damage. The wyvern bites you!
* * * LOW HITPOINT WARNING * * *
The wyvern bites you but does no damage.
You hit the wyvern.
The wyvern is moderately wounded.
You block the wyvern's attack.
You hit the wyvern but do no damage.
The wyvern is moderately wounded.
The wyvern bites you.
* * * LOW HITPOINT WARNING * * *
You block the wyvern's attack.
You hit the wyvern but do no damage.
The wyvern is moderately wounded.
You block the wyvern's attack.
The wyvern bites you but does no damage.
You hit the wyvern but do no damage.
The wyvern is moderately wounded.
You block the wyvern's attack.
You slash the wyvern!
The wyvern is heavily wounded.
The wyvern bites you but does no damage.
The wyvern bites you.
* * * LOW HITPOINT WARNING * * *
You closely miss the wyvern.
The wyvern is heavily wounded.
The wyvern bites you.
You die...

#.....#
.########.....#
.............)#
...l..........#
########...>..#
##..##..#
#[####..# #.#
#... #@# #...
#l# #... #..
#.. ...# ..##
..## ##


You could see a wyvern.

Vanquished Creatures
  Maggie (D:6)
  Edmund (D:5)
  A necrophage (D:5)
  A centaur (D:7)
  A phantom (D:5)
  Blork the orc (D:4)
  3 bullfrogs
  3 scorpions (D:4)
  2 howler monkeys (D:7)
  2 centaur skeletons
  A hound (D:4)
  3 jellies
  A bullfrog skeleton (D:3)
  An orc priest (D:3)
  Jessica (D:2)
  2 iguanas
  4 orc wizards (D:3)
  8 adders
  11 gnolls
  A white imp (D:5)
  An adder skeleton (D:4)
  A dart slug (D:2)
  29 orcs
  10 endoplasms
  2 giant cockroaches
  9 goblins
  4 hobgoblins
  2 jackals (D:2)
  3 quokkas
  8 ball pythons
  5 bats
  3 frilled lizards
  6 kobolds
  4 rats
136 creatures vanquished.

Vanquished Creatures (others)
  2 plants (D:1)
2 creatures vanquished.

Grand Total: 138 creatures vanquished

Notes
Turn   | Place    | Note
-------+----------+-------------------------------------------
     0 | D:1      | timneilson the Gargoyle Fighter began the quest for the
                  | Orb.
     0 | D:1      | Reached XP level 1. HP: 14/14 MP: 1/1
   548 | D:1      | Reached XP level 2. HP: 15/19 MP: 2/2
   851 | D:1      | Found a faded altar of an unknown god.
  1092 | D:1      | Found Podub's Antique Weapon Shop.
  1299 | D:2      | Noticed Jessica
  1433 | D:2      | Killed Jessica
  1434 | D:2      | Reached XP level 3. HP: 16/23 MP: 3/3
  1630 | D:1      | Reached XP level 4. HP: 12/28 MP: 4/4
  1815 | D:1      | Reached skill level 1 in Invocations
  2644 | D:2      | Reached skill level 1 in Evocations
  2778 | D:2      | You fall into a shaft and drop 1 floor!
  2789 | D:3      | Reached XP level 5. HP: 24/33 MP: 5/5
  2845 | D:3      | Reached XP level 6. HP: 11/38 MP: 7/7
  4083 | D:4      | Found Tiazid Acvu's Assorted Antiques.
  4114 | D:4      | Reached XP level 7. HP: 43/43 MP: 8/8
  4377 | D:4      | Reached skill level 5 in Armour
  4377 | D:4      | Reached skill level 5 in Shields
  4793 | D:4      | Noticed Blork the orc
  4800 | D:4      | Killed Blork the orc
  5324 | D:5      | Entered Level 5 of the Dungeon
  5357 | D:5      | Reached XP level 8. HP: 42/48 MP: 8/10
  5712 | D:5      | Noticed Edmund
  5726 | D:5      | Killed Edmund
  5912 | D:5      | You fall into a shaft and drop 2 floors!
  5993 | D:7      | Found a flagged portal.
  6024 | Bailey   | Entered a bailey
  6421 | D:7      | Reached skill level 5 in Fighting
  6423 | D:6      | Noticed a wyvern
  6462 | D:6      | Noticed Maggie
  6479 | D:6      | Killed Maggie
  6480 | D:6      | Reached skill level 5 in Long Blades
  6480 | D:6      | Reached XP level 9. HP: 8/54 MP: 11/11
  6652 | D:6      | Slain by a wyvern

Illustrated notes

Levels and vault maps discovered:
D:1:      evilmike_arrival_fibonacci_small, layout_loops_corners, serial_forest,
          infiniplex_forest_lined_corner, infiniplex_forest_end_1,
          infiniplex_forest_lined_room_3, infiniplex_forest_lined_3,
          serial_shops, shop, shapermc_ecumenical_altar_notcrosses,
          serial_bayou_pond_a, dk_noncrumbling_2, minmay_splitting_lines
D:2:      layout_loops_ring, uniq_jessica
D:3:      layout_rooms, nrook_mini_backslash
D:4:      layout_basic, serial_shops, nicolae_stop_n_shop_2, uniq_blork_the_orc
D:5:      layout_rooms, kennysheep_orc_sif_temple, kennysheep_diamond,
          uniq_duvessa, uniq_menkaure, uniq_edmund, uniq_prince_ribbit1
D:6:      layout_layer_cave, uniq_maggie
D:7:      layout_gridville, minmay_temple_entry_proselytizer, enter_bailey_3,
          serial_rivers, chequers_serial_rivers_room_a,
          chequers_serial_rivers_micro_a, chequers_serial_rivers_micro_c,
          chequers_serial_rivers_micro_e

Skill      XL: |  1  2  3  4  5  6  7  8 |
---------------+-------------------------+-----
Long Blades    | 2 3 4 5 |  5.2
Invocations    | 1 2 3 |  3.9
Armour         | 4 5 6 |  6.8
Shields        | 4 5 6 |  6.8
Evocations     | 1 2 3 |  3.2
Fighting       | 4 5 |  5.3

Action                   |  1- 3 |  4- 6 |  7- 9 || total
-------------------------+-------+-------+-------++-------
Melee: Long sword        |    87 |   190 |   299 ||   576
  Use: Scroll            |     1 |     4 |     2 ||     7
       Potion            |       |     1 |     7 ||     8
Armor: Scale mail        |    27 |    48 |       ||    75
       Chain mail        |       |    42 |   174 ||   216
Dodge: Dodged            |    32 |    63 |   111 ||   206
Block: Buckler           |    43 |    82 |   230 ||   355
       Reflection        |       |     2 |     3 ||     5

Table legend: (Time is in decaauts)
 A = Elapsed time spent in this place.
 B = Non-inter-level travel time spent in this place.
 C = Inter-level travel time spent in this place.
 D = Time resting spent in this place.
 E = Time spent auto-exploring this place.
 F = Levels seen in this place.
 G = Mean time per level.
                   A        B        C        D        E       F      G
               +--------+--------+--------+--------+--------+-----+--------+
         Total |   6792 |   6667 |    125 |   1558 |   3728 |   8 |  849.0 |
       Dungeon |   6418 |   6293 |    125 |   1231 |   3728 |   7 |  916.9 |
        Bailey |    374 |    374 |      0 |    327 |      0 |   1 |  374.0 |
               +--------+--------+--------+--------+--------+-----+--------+

Top non-repeatable levels by time:
     D:1: 2222 daAuts
     D:2: 1338 daAuts
     D:4: 1263 daAuts
     D:5: 603 daAuts
     D:3: 601 daAuts
  Bailey: 374 daAuts
     D:6: 198 daAuts
     D:7: 191 daAuts
